 Dungeon Crawl Stone Soup version 0.31-a0-430-gf8416d752b (webtiles) character file.

Game seed: 1807423632738938312

303 AIAndy the Changeling (level 6, -1/38 HPs)
             Began as an Octopode Shapeshifter on July 31, 2023.
             Slain by Duvessa
             ... wielding a +0 rapier
              (9 damage)
             ... on level 4 of the Dungeon.
             The game lasted 00:05:35 (2483 turns).

AIAndy the Changeling (Octopode Shapeshifter)       Turns: 2483, Time: 00:05:36

Health: -1/38      AC:  1    Str: 27    XL:     6   Next: 38%
Magic:  6/6        EV: 13    Int:  5    God:
Gold:   98         SH:  0    Dex: 13    Spells: 5/5 levels left

rFire   . . .        p - +3 war axe of Conscience {flame, Str+5 Int-5}
rCold   . . .        (no shield)
rNeg    + . .        (helmet currently unavailable)
rPois   .            (no amulet)
rElec   .            N - ring of positive energy
rCorr   .            S - +6 ring of strength
SInv    .            (no ring)
Will    .....        (no ring)
Stlth   ++           (no ring)
HPRegen 0.26/turn    (no ring)
MPRegen 0.10/turn    (no ring)
                     (no ring)

%: no passive effects
@: beast-form
A: beast (slay +3), almost no armour, amphibious, 8 rings, camouflage 1,
gelatinous body 1, (nimble swimmer 1), tentacles
a: Begin Untransformation


You were on level 4 of the Dungeon.
You were a hulking beast.
You visited 1 branch of the dungeon, and saw 4 of its levels.

You collected 98 gold pieces.


Innate Abilities, Weirdness & Mutations

You are a hulking beast.
Your limbs bulge with bestial killing power. (Slay +3)
You cannot wear most types of armour.
You are amphibious.
You can wear up to eight rings at the same time.
Your skin changes colour to match your surroundings (Stealth+).
Your rubbery body absorbs attacks. (AC +1, EV +1)
((You are camouflaged when in or above water. (Stealth+)))
You have tentacles for arms and can constrict up to eight enemies at once.


   Skills:
 - Level 1.0 Fighting
 - Level 2.0 Axes
 - Level 2.0 Dodging
 - Level 4.2 Unarmed Combat
 + Level 5.1 Shapeshifting


You had 5 spell levels left.
You didn't know any spells.
Your spell library was empty.

Inventory:

Hand Weapons
 p - the +3 war axe of Conscience (weapon) {flame, Str+5 Int-5}
   (You found it on level 2 of the Dungeon)

   Str:       It affects your strength (+5).
   Int:       It affects your intelligence (-5).
Missiles
 c - 2 throwing nets {=f}
 j - 3 boomerangs
 n - 6 javelins
Armour
 h - a +0 kite shield
Jewellery
 H - an amulet of faith {!P}
 N - a ring of positive energy (left tentacle)
 S - a +6 ring of strength (right tentacle)
Talismans
 b - a beast talisman (active)
Scrolls
 d - 3 scrolls of identify {unknown}
 i - a scroll of teleportation {unknown}
 k - a scroll of enchant weapon {unknown}
 l - a scroll of fog {unknown}
 m - a scroll of vulnerability {unknown}
 q - a scroll of torment {unknown}
Potions
 a - 2 potions of lignification {!q}
 e - a potion of mutation {unknown}
 f - a potion of heal wounds {unknown}
 o - a potion of curing {unknown}
 r - 2 potions of degeneration {unknown}
 s - a potion of cancellation {unknown}
 t - 2 potions of resistance {unknown}

Dungeon Overview and Level Annotations

Branches:
Dungeon (4/15)
 Temple: D:4-7

Altars:

Annotations:
D:4 Duvessa

....## #. ..
......##..###..
.......(.#.....
...............
..........o>...
.............# .......e)..#
.......h.# ###.....##
#..##.# #. #.# #### # #.#
#.# ###... #. #.# #.##
###..... #.###.# #..#
###....... #.....####.#
###.........
#########...####...........


You could see Duvessa (berserk) and an orc.


Message History

Found a stone staircase leading down.
Duvessa and an orc come into view.
Duvessa is wielding a +0 rapier, wearing a +1 leather armour of willpower and carrying a wand of polymorph.
Dowan shouts!
Duvessa shouts!
The orc shouts!
You hear a shout!
You slash Dowan! You burn Dowan.
You kill Dowan!
Duvessa screams in rage.
Duvessa goes berserk!
An orc comes into view.
It is wielding a +0 dagger and wearing a +2 ring mail of poison resistance.
Your Shapeshifting skill increases to level 5!
Throw: dart (poison)
Press: ? - help, Q - select action, (/) - cycle Shift-Dir - straight line, f - Duvessa
Aim: Duvessa, wielding a +0 rapier, wearing a +1 leather armour of willpower and carrying a wand of polymorph (berserk, 63% to hit)
You throw a poisoned dart.
The poisoned dart barely misses Duvessa.
Duvessa closely misses you.
You barely miss Duvessa. Your grab misses Duvessa. You slash the orc!
You burn the orc.
You kill the orc!
Duvessa hits you with a +0 rapier! x2
You hit Duvessa. You burn Duvessa. You grab Duvessa. You squeeze Duvessa!
Duvessa is moderately wounded.
You constrict Duvessa, but do no damage.
Duvessa hits you but does no damage. Duvessa hits you with a +0 rapier!
* * * LOW HITPOINT WARNING * * *
You slash Duvessa! You burn Duvessa. You squeeze Duvessa!
Duvessa is severely wounded.
You constrict Duvessa. Duvessa closely misses you.
Duvessa hits you with a +0 rapier!
You die...

Skill      XL: |  1  2  3  4  5  6 |
---------------+-------------------+-----
Unarmed Combat | 4 |  4.2
Shapeshifting  | 4 5 |  5.1
Axes           | 1 2 |  2.0
Fighting       | |  1.0
Dodging        | |  2.0

Action                     |  1- 3 |  4- 6 || total
---------------------------+-------+-------++-------
  Melee: Unarmed           |    58 |    21 ||    79
         Constrict         |    12 |    12 ||    24
         Tentacles         |     9 |    11 ||    20
         War axe           |       |    31 ||    31
  Throw: Dart              |       |     2 ||     2
   Stab: Sleeping          |     9 |     5 ||    14
 Armour: Skin              |     2 |     5 ||     7
  Dodge: Dodged            |    27 |    28 ||    55

Levels and vault maps discovered:
D:1:      kb_arrival_jail, layout_basic, hellmonk_ecumenical_altar_arch_garden,
          serial_forest, infiniplex_forest_lined_1,
          infiniplex_forest_clump_medium, infiniplex_forest_clump_tiny,
          infiniplex_forest_end_1, infiniplex_forest_lined_3,
          infiniplex_forest_lined_room_2, infiniplex_forest_zigzag_1,
          infiniplex_forest_lined_2
D:2:      layout_rooms, minivault_14, grunt_decor_one_mirror
D:3:      mumra_celtic_spiral_tile, layout_basic, uniq_terence
D:4:      layout_cave_pods, serial_co_window_serial, co_window_corner_a,
          co_window_of_opportunity_a, co_window_paths_b, co_window_paths_b,
          co_window_of_opportunity_a, co_window_of_opportunity_a,
          co_window_corner_cb, co_window_broadway_c, co_window_corner_cb,
          co_window_paths_c, co_window_of_opportunity_c, co_window_sun,
          glass_columns_a, glass_columns_a, glass_columns_c, uniq_duvessa

Notes
Turn   | Place    | Note
-------+----------+-------------------------------------------
     0 | D:1      | AIAndy the Octopode Shapeshifter began the quest for the
                  | Orb.
     0 | D:1      | Reached XP level 1. HP: 13/13 MP: 1/1
     2 | D:1      | Noticed a minotaur
     2 | D:1      | Noticed a tengu
     4 | D:1      | Noticed a ghoul
     4 | D:1      | Noticed a formicid
     6 | D:1      | Noticed a troll
     8 | D:1      | Noticed a vampire
     8 | D:1      | Noticed a merfolk
    10 | D:1      | Noticed a demonspawn
    10 | D:1      | Noticed an octopode
    12 | D:1      | Noticed a naga
    12 | D:1      | Noticed a meteoran
    16 | D:1      | Noticed a gargoyle
    16 | D:1      | Noticed an armataur
    18 | D:1      | Noticed a demigod
    18 | D:1      | Noticed an ogre
    20 | D:1      | Noticed a human
    20 | D:1      | Noticed a spriggan
    22 | D:1      | Noticed an elf
    22 | D:1      | Noticed a vine stalker
    24 | D:1      | Noticed a merfolk
    24 | D:1      | Noticed a draconian
    26 | D:1      | Noticed a naga
    26 | D:1      | Noticed an armataur
   200 | D:1      | Reached XP level 2. HP: 18/18 MP: 2/2
   536 | D:1      | Found a faded altar of an unknown god.
   645 | D:1      | Reached XP level 3. HP: 23/23 MP: 3/3
  1127 | D:2      | Reached skill level 4 in Unarmed Combat
  1127 | D:2      | Reached XP level 4. HP: 9/28 MP: 4/4
  1326 | D:2      | Identified the +3 war axe of Conscience {flame, Str+5
                  | Int-5}
  1631 | D:3      | Reached skill level 4 in Shapeshifting
  2003 | D:3      | Reached skill level 1 in Axes
  2003 | D:3      | Reached XP level 5. HP: 31/33 MP: 5/5
  2038 | D:3      | Noticed Terence
  2043 | D:3      | Killed Terence
  2044 | D:3      | Reached skill level 2 in Axes
  2442 | D:4      | Reached XP level 6. HP: 38/38 MP: 6/6
  2474 | D:4      | Noticed Dowan
  2477 | D:4      | Noticed Duvessa
  2479 | D:4      | Killed Dowan
  2480 | D:4      | Reached skill level 5 in Shapeshifting
  2483 | D:4      | Slain by Duvessa

Vanquished Creatures
  A scorpion (D:4)
  Dowan (D:4)
  Terence (D:3)
  2 orc wizards (D:3)
  2 adders
  3 gnolls (D:2)
  2 worms (D:2)
  3 dart slugs
  4 orcs
  4 bats (D:1)
  2 endoplasms (D:1)
  2 giant cockroaches (D:1)
  7 goblins
  4 hobgoblins
  2 jackals (D:2)
  7 ball pythons
  6 frilled lizards
  7 kobolds
  9 rats
69 creatures vanquished.

Table legend: (Time is in decaauts)
 A = Elapsed time spent in this place.
 B = Non-inter-level travel time spent in this place.
 C = Inter-level travel time spent in this place.
 D = Time resting spent in this place.
 E = Time spent auto-exploring this place.
 F = Levels seen in this place.
 G = Mean time per level.
                   A        B        C        D        E       F      G
               +--------+--------+--------+--------+--------+-----+--------+
         Total |   2489 |   2297 |    192 |     39 |   1857 |   4 |  622.2 |
       Dungeon |   2489 |   2297 |    192 |     39 |   1857 |   4 |  622.2 |
               +--------+--------+--------+--------+--------+-----+--------+

Top non-repeatable levels by time:
     D:1: 1076 daAuts
     D:3: 897 daAuts
     D:2: 442 daAuts
     D:4: 72 daAuts

Table legend:
 A = Non-vault XP
 B = Vault XP
 C = Vault XP percentage of total XP
 D = Non-vault monster count
 E = Vault monster count
 F = Vault count percentage of total count
                 A         B        C        D         E       F
            +---------+---------+-------+---------+---------+-------
      Total |     330 |     104 |  24.0 |      67 |       2 |   2.9
            +---------+---------+-------+---------+---------+-------
        D:1 |      42 |       0 |   0.0 |      30 |       0 |   0.0
        D:2 |      88 |       0 |   0.0 |      17 |       0 |   0.0
        D:3 |     113 |      38 |  25.2 |      17 |       1 |   5.6
        D:4 |      87 |      66 |  43.1 |       3 |       1 |  25.0
            +---------+---------+-------+---------+---------+-------
